 Dungeon Crawl Stone Soup version 0.31.0-12-g77e489cdc1 (webtiles) character file.

Game seed: 7527051000307190066

140 hawla the Shield-Bearer (level 5, 0/46 HPs)
             Began as a Minotaur Fighter on Feb 16, 2024.
             Slain by a kobold brigand
             ... wielding a +0 dagger
              (1 damage)
             ... in a sewer.
             The game lasted 00:03:29 (1384 turns).

hawla the Shield-Bearer (Minotaur Fighter)          Turns: 1384, Time: 00:03:30

Health: 0/46       AC:  8    Str: 23      XL:     5   Next: 2%
Magic:  4/4        EV: 10    Int:  5      God:
Gold:   223        SH:  4    Dex:  7 (9)  Spells: 4/4 levels left

rFire   . . .        a - +0 war axe (drain)
rCold   . . .        c - +0 buckler
rNeg    . . .        b - +0 scale mail
rPois   +            (helmet restricted)
rElec   .            f - +0 cloak
rCorr   .            (no gloves)
SInv    .            (no boots)
Will    .....        (no amulet) Stlth
                     (no ring)
HPRegen 0.27/turn    (no ring)
MPRegen 0.09/turn

%: no passive effects
@: no status effects
A: horns 2, retaliatory headbutt, sense surroundings 1, poison resistance
a: no special abilities


You were in a sewer.
You visited 1 branch of the dungeon, and saw 3 of its levels.
You also visited: Sewer.

You collected 223 gold pieces.

Inventory:

Hand Weapons
 a - a +0 war axe of draining (weapon)
Missiles
 g - 3 atropa-tipped darts (quivered)
 k - 9 poisoned darts
Armour
 b - a +0 scale mail (worn)
 c - a +0 buckler (worn)
 f - a +0 cloak (worn)
Scrolls
 h - a scroll of immolation
 i - 2 scrolls of teleportation
 j - a scroll of amnesia {unknown}
Potions
 d - 2 potions of might
 e - a potion of cancellation {unknown}
 l - a potion of haste {unknown}
 m - a potion of ambrosia {unknown}


   Skills:
 - Level 4.0 Fighting
 - Level 2.4 Axes
 - Level 3.6 Armour
 + Level 3.9 Dodging
 - Level 5.0 Shields


You had 4 spell levels left.
You didn't know any spells.
Your spell library was empty.

Dungeon Overview and Level Annotations

Branches:
Dungeon (3/15)              Sewer (1/1)

Altars:

Annotations:
Sewer Grinder


Innate Abilities, Weirdness & Mutations

You have a pair of horns on your head.
You reflexively headbutt those who attack you in melee.
You passively map a small area around you.
Your system is resistant to poisons. (rPois)


Message History

A quasit comes into view.
The quasit gives a chilling moan.
You hit the kobold.
The kobold is severely wounded.
You closely miss the kobold. You hit the quasit. You slash the kobold brigand!
You drain the kobold brigand. The quasit bites you.
The quasit claws you but does no damage.
You block the quasit's attack. The kobold hits you but does no damage.
The kobold brigand hits you but does no damage.
The quasit barely misses you. You furiously retaliate!
You headbutt the quasit. The quasit closely misses you.
The quasit claws you but does no damage.
The kobold barely misses you. You furiously retaliate!
You headbutt the kobold!
You kill the kobold!
The kobold hits you but does no damage. The kobold brigand misses you.
You hit the kobold.
You kill the kobold!
You hit Grinder but do no damage. You hit the quasit.
You barely miss the kobold brigand. You block the quasit's attack.
The quasit closely misses you.
The quasit claws you but does no damage.
Grinder hits you but does no damage.
The kobold brigand hits you with a +0 dagger.
The quasit barely misses you.
The quasit claws you but does no damage.
The quasit closely misses you.
You closely miss the shadow imp. You hit Grinder. You slash the quasit!
You kill the quasit!
You hit the kobold brigand but do no damage.
You drain the kobold brigand.
The kobold brigand hits you with a +0 dagger.
* * * LOW HITPOINT WARNING * * *
Grinder hits you.
* * * LOW HITPOINT WARNING * * *
You block the shadow imp's attack. Grinder gestures at you.
Pain shoots through your body!
* * * LOW HITPOINT WARNING * * *
The kobold brigand hits you with a +0 dagger.
You die...

~...~# ~...≈# ##'''##
#########.....#####
##≈~~~≈~#..§.§..#≈~≈
#!......'5......'... ,
?!....K55.§._.§.'..., ,
#?....)@K.......'... ,
##~~≈≈≈≈#...§...#
##########...### *
#############'#### **
#~≈≈#≈≈≈~~≈#...#~≈≈ ~~*
#~~~~~.~~†~.....~..~~
#≈.~#.)....#...#.....
#~~~#)#######~#######+#
#≈~.#).....#~≈≈#......#


You could see Grinder, a kobold brigand (very drained), a quasit, a shadow imp
and a kobold.

Vanquished Creatures
  A quasit (Sewer)
  Natasha (twice) (D:2)
  A shadow imp (Sewer)
  3 ufetubi (Sewer)
  3 dart slugs
  A bat zombie (Sewer)
  5 endoplasms
  5 giant cockroaches
  3 goblins
  A hobgoblin (D:3)
  15 kobolds
  3 quokkas
  5 ball pythons
  7 bats
  3 frilled lizards
  A kobold zombie (Sewer)
  7 rats
66 creatures vanquished.

Vanquished Creatures (others)
  2 endoplasms (Sewer)
2 creatures vanquished.

Grand Total: 68 creatures vanquished

Notes
Turn   | Place    | Note
-------+----------+-------------------------------------------
     0 | D:1      | hawla the Minotaur Fighter began the quest for the Orb.
     0 | D:1      | Reached XP level 1. HP: 19/19 MP: 0/0
   161 | D:1      | Reached XP level 2. HP: 27/27 MP: 1/1
   210 | D:1      | Reached skill level 1 in Dodging
   386 | D:2      | Reached skill level 4 in Shields
   467 | D:2      | Found a faded altar of an unknown god.
   552 | D:2      | Identified the +1 leather armour of Terror {Str-3 Dex+4}
   679 | D:2      | Noticed Natasha
   682 | D:2      | Reached XP level 3. HP: 30/33 MP: 2/2
   686 | D:2      | Killed Natasha
   825 | D:2      | Noticed Natasha
   830 | D:2      | Killed Natasha
   831 | D:2      | Reached XP level 4. HP: 40/40 MP: 3/3
   876 | D:3      | Gained mutation: Your flesh is cold resistant. (rC+)
                  | [potion of mutation]
   877 | D:3      | Lost mutation: Your flesh is cold resistant. (rC+) [potion
                  | of mutation]
   877 | D:3      | Gained mutation: You passively map a small area around you.
                  | [potion of mutation]
   877 | D:3      | Gained mutation: Your system is resistant to poisons.
                  | (rPois) [potion of mutation]
  1131 | D:3      | Reached skill level 5 in Shields
  1155 | D:3      | Found a glowing drain.
  1169 | Sewer    | Entered a sewer
  1366 | Sewer    | Found a burning altar of Makhleb.
  1373 | Sewer    | Noticed a kobold brigand
  1374 | Sewer    | Noticed Grinder
  1378 | Sewer    | Paralysed by Grinder for 3 turns
  1379 | Sewer    | Reached XP level 5. HP: 19/46 MP: 4/4
  1384 | Sewer    | HP: 1/46 [Grinder/nerve-wracking pain (4)]
  1384 | Sewer    | Slain by a kobold brigand

Illustrated notes

Levels and vault maps discovered:
D:1:      amcnicky_arrival_abandoned_market, layout_basic
D:2:      layout_rooms, hellmonk_ecumenical_altar_blasted,
          minmay_small_reverse_x, uniq_natasha
D:3:      layout_basic, portal_sewer_entry_b, kennysheep_generic_room_9
Sewer:    kennysheep_sewer_church

Skill      XL: |  1  2  3  4 |
---------------+-------------+-----
Fighting       | 4 |  4.0
Dodging        | 1 2 3 |  3.9
Shields        | 4 5 |  5.0
Axes           | |  2.4
Armour         | |  3.6

Action                     |  1- 3 |  4- 6 || total
---------------------------+-------+-------++-------
  Melee: War axe           |    46 |    78 ||   124
         Headbutt          |     4 |     8 ||    12
    Use: Scroll            |     1 |     3 ||     4
         Potion            |       |     2 ||     2
 Armour: Scale mail        |    41 |   118 ||   159
  Dodge: Dodged            |    21 |    85 ||   106
  Block: Buckler           |    10 |    40 ||    50
